 Dungeon Crawl Stone Soup version 0.22.1-2-g9c5b331383 (webtiles) character file.

127 McIrco the Sneak (level 4, 0/33 HPs)
             Began as a Vampire Assassin on Jan 6, 2019.
             Killed by divine providence
             ... invoked by an orc priest
              (14 damage)
             ... on level 3 of the Dungeon.
             The game lasted 00:07:06 (4391 turns).

McIrco the Sneak (Vampire Assassin)                 Turns: 4391, Time: 00:07:06

Health: 0/33       AC: 27    Str: 10    XL:     4   Next: 85%
Magic:  4/4        EV:  2    Int: 13    God:
Gold:   94         SH:  0    Dex: 12    Spells: 3/3 levels left

rFire    . . .     SeeInvis +   t - +3 short sword (protect)
rCold    + + .     Gourm    .   (no shield)
rNeg     + + +     Faith    .   q - +5 plate armour
rPois    ∞         Spirit   .   (no helmet)
rElec    .         Reflect  .   d - +0 cloak
rCorr    .         Harm     .   i - +2 pair of gloves {archery}
MR       .....                  (no boots)
Stlth    +.........             o - amulet of inaccuracy (curse)
HPRegen  0.00/turn              A - -4 ring of dexterity (curse)
MPRegen  0.09/turn              (no ring)

@: protection aura, bloodless, non-regenerating
A: fangs 3, see invisible, unbreathing
a: Bat Form


You were on level 3 of the Dungeon.
You were bloodless.

You visited 1 branch of the dungeon, and saw 3 of its levels.

You collected 94 gold pieces.

Inventory:

Hand Weapons
 a - a +2 dagger
 b - a +0 blowgun
 t - a +3 short sword of protection (weapon)
Missiles
 e - 50 poisoned needles
 f - 2 curare-tipped needles
Armour
 c - a +0 robe
 d - a +0 cloak (worn)
 i - a +2 pair of gloves of archery (worn)
 q - a +5 plate armour (worn)
 y - a cursed +0 buckler
Jewellery
 o - a cursed amulet of inaccuracy (around neck)
 w - an uncursed amulet of magic regeneration
 A - a cursed -4 ring of dexterity (left hand)
Wands
 j - a wand of polymorph (15)
 v - a wand of random effects (26)
Scrolls
 h - 3 scrolls of teleportation
 m - 4 scrolls of identify
 p - 4 scrolls of enchant weapon
 s - 2 scrolls of fear
Potions
 g - 15 potions of blood
 k - a potion of lignification {unknown}
 l - a potion of magic {unknown}
 n - 2 potions of might
 r - 2 potions of curing {unknown}
 u - a potion of flight {unknown}
 x - a potion of resistance {unknown}
 z - 2 potions of haste {unknown}


   Skills:
 - Level 2.0 Fighting
 - Level 3.0 Short Blades
 - Level 2.0 Throwing
 * Level 2.2 Armour
 + Level 2.5 Dodging
 - Level 6.2 Stealth


You had 3 spell levels left.
You didn't know any spells.
Your spell library was empty.

Dungeon Overview and Level Annotations

Branches:
Dungeon (3/15)

Altars:
Uskayaw
Vehumet

Annotations:
D:3 1 runed door, thefreepie's ghost, amateur MiBe


Innate Abilities, Weirdness & Mutations

You do not heal naturally.
You are immune to poison.
You have razor-sharp teeth.
You have supernaturally acute eyesight. (SInv)
You can survive without breathing.


Message History

The orc hits you but does no damage. x2
The orc priest hits you but does no damage.
You hit the orc priest but do no damage.
The orc priest is heavily wounded.
The orc hits you but does no damage.
The orc priest invokes the aid of Beogh against you.
Beogh smites you! The orc hits you but does no damage.
You hit the orc priest.
The orc priest is almost dead.
The orc priest hits you but does no damage.
The orc hits you but does no damage. x2
Your plate armour prevents you from hitting the orc priest.
The orc priest is almost dead.
The orc priest hits you but does no damage.
The orc hits you but does no damage. x2
You barely miss the orc priest.
The orc priest is almost dead.
The orc priest mumbles some strange prayers to Beogh against you.
Beogh smites you!
You die...

#..###.#..#
#.##
#..#.###
...#
##.....##
...#
##.##..##
.%.#
#......###
...#
######...###
...# #.....#
...# ##....#
...# ###@o#
...# #oo..#
...#
##.....#
#### #....#
....# #####


You could see an orc priest and 2 orcs.

Vanquished Creatures
  A gnoll (D:2)
  5 adders
  An ooze (D:1)
  4 worms (D:2)
  2 leopard geckos
  3 orcs
  5 giant cockroaches
  6 goblins
  2 hobgoblins (D:1)
  4 jackals
  4 kobolds
  8 bats
  A frilled lizard (D:3)
  6 rats
52 creatures vanquished.

Notes
Turn   | Place    | Note
-------+----------+-------------------------------------------
     0 | D:1      | McIrco the Vampire Assassin began the quest for the Orb.
     0 | D:1      | Reached XP level 1. HP: 16/16 MP: 1/1
     7 | D:1      | Reached skill level 6 in Stealth
    28 | D:1      | Reached XP level 2. HP: 15/22 MP: 2/2
  2834 | D:2      | Reached XP level 3. HP: 26/27 MP: 3/3
  2989 | D:2      | Reached skill level 1 in Armour
  3019 | D:2      | Found a hide-covered altar of Uskayaw.
  3027 | D:2      | Reached XP level 4. HP: 14/33 MP: 4/4
  3406 | D:2      | Found a radiant altar of Vehumet.
  3754 | D:3      | Noticed thefreepie's ghost (amateur MiBe)
  3756 | D:3      | Found a runed door.
  4391 | D:3      | Killed from afar by an orc priest

Skill      XL: |  1  2  3  4 |
---------------+-------------+-----
Stealth        | 6 |  6.2
Fighting       | 2 |  2.0
Throwing       | 2 |  2.0
Short Blades   | 3 |  3.0
Armour         | 1 2 |  2.2
Dodging        | 2 |  2.5

Action                   |  1- 3 |  4- 6 || total
-------------------------+-------+-------++-------
Melee: Dagger            |    63 |       ||    63
       Bite              |     9 |     8 ||    17
       Short sword       |    37 |   101 ||   138
 Abil: End Transformatio |       |     1 ||     1
       Bat Form          |       |     1 ||     1
  Use: Scroll            |       |     8 ||     8
       Potion            |       |     2 ||     2
 Stab: Sleeping          |     5 |       ||     5
Armor: Robe              |    17 |       ||    17
       Plate armour      |   111 |    92 ||   203
Dodge: Dodged            |    19 |    11 ||    30
